 Dungeon Crawl Stone Soup version 0.26.0-16-gc1dbca0489 (webtiles) character file.

Game seed: 8612436465177021104

76 shakesphere1979 the Skirmisher (level 4, -5/37 HPs)
             Began as a Demonspawn Monk on Jan 19, 2021.
             Killed by divine providence
             ... invoked by an orc priest
              (15 damage)
             ... on level 3 of the Dungeon.
             The game lasted 00:04:40 (2749 turns).

shakesphere1979 the Skirmisher (Demonspawn Monk)    Turns: 2749, Time: 00:04:40

Health: -5/37      AC:  2    Str: 11    XL:     4   Next: 12%
Magic:  4/4        EV: 14    Int: 13    God:
Gold:   130        SH:  0    Dex: 15    Spells: 3/3 levels left

rFire    . . .     SeeInvis .   a - +0 hand axe
rCold    . . .     Faith    .   (no shield)
rNeg     . . .     Spirit   .   b - +0 robe
rPois    .         Reflect  .   (no helmet)
rElec    .         Harm     .   (no cloak)
rCorr    .         Rampage  .   (no gloves)
Will     .....                  (no boots)
Stlth    ++........             (no amulet)
HPRegen  0.12/turn              (no ring)
MPRegen  0.09/turn              (no ring)

@: lethally poisoned (-5 -> -7)
A: claws 1
a: no special abilities


You were on level 3 of the Dungeon.
You visited 1 branch of the dungeon, and saw 3 of its levels.

You collected 130 gold pieces.

Inventory:

Hand Weapons
 a - a +0 hand axe (weapon)
 o - a +0 hunting sling
 r - a +2 flail of protection
Missiles
 c - 110 stones (quivered)
 h - 7 atropa-tipped darts
 i - 4 silver javelins
 j - 35 arrows
 p - 20 sling bullets
Armour
 b - a +0 robe (worn)
Jewellery
 g - an uncursed amulet of regeneration {unknown}
Scrolls
 d - a scroll of fog {unknown}
 e - 2 scrolls of identify {unknown}
 f - a scroll of immolation {unknown}
 l - 2 scrolls of magic mapping {unknown}
 m - 2 scrolls of remove curse {unknown}
 n - 2 scrolls of teleportation {unknown}
 s - 2 scrolls of random uselessness {unknown}
Potions
 k - 2 potions of haste {unknown}
 q - 2 potions of brilliance {unknown}
 t - a potion of invisibility {unknown}


   Skills:
 + Level 3.7 Fighting
 - Level 2.6 Axes
 + Level 3.4 Dodging
 + Level 2.9 Stealth


You had 3 spell levels left.
You didn't know any spells.
Your spell library was empty.

Dungeon Overview and Level Annotations

Branches:
Dungeon (3/15)

Altars:


Innate Abilities, Weirdness & Mutations

You have sharp fingernails.


Message History

You closely miss the orc. The orc hits you.
You are too injured to fight recklessly!
You are too injured to fight recklessly!
You hit the orc.
The orc is heavily wounded.
You feel sick. The orc barely misses you.
You hit the orc.
The orc is heavily wounded.
The orc barely misses you.
You hit the orc but do no damage.
The orc is heavily wounded.
The orc hits you.
The orc priest calls upon Beogh to heal the orc.
The orc's wounds heal themselves!
The orc hits you.
You closely miss the orc.
You feel sick. The orc barely misses you.
You hit the orc but do no damage. The orc hits you.
* * * LOW HITPOINT WARNING * * *
The orc priest calls down the wrath of Beogh upon you.
Beogh smites you!
You die...

#.# .# .# ##.##. ..#
#.# #.... ..# #.#
#..# ..# #.#
###..###..# #.#
#.....<..# ##.##
#o#..####.....
##<..###o#..... #.#
##.....##@#.####.#
#......)()#.###
##.?....>......#
..........###.#......
.##)##.#..# #.#......
# #.##.# #.# ##.## ..
... ..# # ##. #.###.#
#. #.# #.#


You could see an orc priest and an orc.

Vanquished Creatures
  2 oozes
  2 worms (D:2)
  A dart slug (D:1)
  2 leopard geckos
  3 orcs (D:3)
  4 giant cockroaches
  5 goblins (D:1)
  5 hobgoblins
  7 jackals
  4 kobolds
  A quokka (D:2)
  A ball python (D:2)
  4 bats
  A frilled lizard (D:1)
  8 rats
50 creatures vanquished.

Notes
Turn   | Place    | Note
-------+----------+-------------------------------------------
     0 | D:1      | shakesphere1979 the Demonspawn Monk began the quest for the
                  | Orb.
     0 | D:1      | Reached XP level 1. HP: 18/18 MP: 1/1
   207 | D:1      | Gained mutation: You have sharp fingernails. [demonic
                  | ancestry]
   207 | D:1      | Reached XP level 2. HP: 18/24 MP: 2/2
   752 | D:1      | Reached XP level 3. HP: 21/29 MP: 3/3
  2701 | D:3      | Reached XP level 4. HP: 34/37 MP: 4/4
  2749 | D:3      | Killed from afar by an orc priest

Illustrated notes

Levels and vault maps discovered:
D:1:      lemuel_arrival_tunnels, layout_basic, serial_rivers,
          chequers_serial_rivers_micro_e, chequers_serial_rivers_marsh,
          chequers_serial_rivers_marsh, chequers_serial_rivers_room_b
D:2:      layout_loops_ring
D:3:      layout_loops_ring, minivault_26, uniq_sigmund

Skill      XL: |  1  2 |
---------------+-------+-----
Stealth        | 2 |  2.9
Dodging        | 3 |  3.4
Fighting       | |  3.7
Axes           | |  2.6

Action                   |  1- 3 |  4- 6 || total
-------------------------+-------+-------++-------
Melee: Hand axe          |   164 |    16 ||   180
  Use: Potion            |     1 |       ||     1
 Stab: Sleeping          |     4 |       ||     4
Armor: Robe              |    33 |     1 ||    34
Dodge: Dodged            |   112 |     7 ||   119
